 Dungeon Crawl Stone Soup version 0.28-a0-1510-gd0f6b136d3 (webtiles) character file.

Game seed: 2811043873392732831

11 comborobin the Sneak (level 2, -2/24 HPs)
             Began as a Merfolk Delver on Jan 14, 2022.
             Slain by an iguana (8 damage)
             ... on level 2 of the Dungeon.
             The game lasted 00:01:06 (396 turns).

comborobin the Sneak (Merfolk Delver)                Turns: 396, Time: 00:01:07

Health: -2/24      AC:  3    Str: 12    XL:     2   Next: 25%
Magic:  2/2        EV: 12    Int:  9    God:
Gold:   0          SH:  0    Dex: 15    Spells: 1/1 levels left

rFire   . . .      SeeInvis .     - Unarmed
rCold   . . .      Faith    .   (no shield)
rNeg    . . .      Spirit   .   a - +0 leather armour
rPois   .          Reflect  .   (no helmet)
rElec   .          Harm     .   (no cloak)
rCorr   .          Rampage  .   (no gloves)
Will    .....                   (no boots)
Stlth   +++.......              (no amulet)
HPRegen 0.08/turn               (no ring)
MPRegen 0.08/turn               (no ring)

@: no status effects
A: (nimble swimmer 2), mertail
a: no special abilities


You were on level 2 of the Dungeon.
You visited 1 branch of the dungeon, and saw 4 of its levels.

Inventory:

Hand Weapons
 i - a +0 flail of draining
 k - a +0 scimitar
Missiles
 c - 5 curare-tipped darts (quivered)
Armour
 a - a +0 leather armour (worn)
Wands
 f - a wand of digging (3)
Scrolls
 b - 2 scrolls of fog
 d - a scroll of fear
 h - a scroll of identify
 j - a scroll of amnesia {unknown}
Potions
 g - a potion of berserk rage {unknown}


   Skills:
 + Level 3.3 Fighting
 - Level 2.6 Dodging
 - Level 5.4 Stealth
 * Level 3.2 Unarmed Combat


You had one spell level left.
You didn't know any spells.
Your spell library was empty.

Dungeon Overview and Level Annotations

Branches:
Dungeon (5/15)
 Temple: D:4-7

Altars:

Shops:
D:4 ?

Annotations:
D:5 exclusion: water moccasin


Innate Abilities, Weirdness & Mutations

((You are very nimble when in or above water. (Stealth+, EV+, Speed+++)))
Your lower body shifts to a powerful aquatic tail in water.


Message History

An endoplasm is nearby!
An endoplasm is nearby!
What are your orders? t - Shout!
Orders for allies: a - Attack new target. r - Retreat! s - Stop attacking. g - Guard the area. f - Follow me.
Anything else - Cancel.
You shout for attention!
The endoplasm quivers.
You hear an angry hiss.
Unknown command.
What are your orders? t - Shout!
Orders for allies: a - Attack new target. r - Retreat! s - Stop attacking. g - Guard the area. f - Follow me.
Anything else - Cancel.
You shout for attention!
An iguana comes into view.
An adder comes into view.
The endoplasm hits you.
You hit the endoplasm but do no damage. The endoplasm closely misses you.
You hit the endoplasm.
The endoplasm is moderately wounded.
The endoplasm misses you.
You barely miss the endoplasm.
The endoplasm is moderately wounded.
The endoplasm freezes you.
You are frozen.
You hit the endoplasm.
You kill the endoplasm!
You closely miss the iguana. The iguana bites you!
Ouch! That really hurt!
* * * LOW HITPOINT WARNING * * *
You are too injured to fight recklessly!
You hit the iguana. You punch the iguana.
The iguana is lightly wounded.
The iguana bites you!
You die...

..... ...# #..# #..#
#..# . #####.# ...
#......
.....#############.###>.
.....Sl@.........#.# ###
.....###########.#.# ...
#..........#.# .
#.##########.# #.....#
#.# #####.# ####.# #.#
#....# #.# #.#### #.#
#.#


You could see an iguana and an adder.

Vanquished Creatures
  An adder (D:2)
  An endoplasm (D:2)
2 creatures vanquished.

Notes
Turn   | Place    | Note
-------+----------+-------------------------------------------
     0 | D:5      | comborobin the Merfolk Delver began the quest for the Orb.
     0 | D:5      | Reached XP level 1. HP: 18/18 MP: 1/1
     7 | D:5      | Noticed a water moccasin
    92 | D:5      | Noticed an iguana
   126 | D:4      | Found Dakaecs's Magic Scroll Shop.
   292 | D:2      | Reached XP level 2. HP: 23/24 MP: 2/2
   396 | D:2      | Slain by an iguana

Illustrated notes

Levels and vault maps discovered:
D:2:      layout_basic, minmay_misc_feat_alley
D:3:      layout_loops_corners, kennysheep_orc_sif_temple,
          kennysheep_generic_room_13, uniq_natasha
D:4:      layout_cave_pods, serial_shops, shop_fountains, minivault_5,
          minmay_vboxes
D:5:      layout_cave_pools, minmay_temple_entry_steel_oval

Skill      XL: |  1 |
---------------+----+-----
Unarmed Combat | 3 |  3.2
Fighting       | |  3.3
Dodging        | |  2.6
Stealth        | |  5.4

Action                   || total
-------------------------++-------
Melee: Unarmed           ||     6
       Punch             ||     1
Throw: Dart              ||     3
  Use: Scroll            ||     2
       Potion            ||     1
Armor: Leather armour    ||     1
Dodge: Dodged            ||     4

Table legend: (Time is in decaauts)
 A = Elapsed time spent in this place.
 B = Non-inter-level travel time spent in this place.
 C = Inter-level travel time spent in this place.
 D = Time resting spent in this place.
 E = Time spent auto-exploring this place.
 F = Levels seen in this place.
 G = Mean time per level.
                   A        B        C        D        E       F      G
               +--------+--------+--------+--------+--------+-----+--------+
         Total |    378 |    373 |      5 |    121 |    121 |   4 |   94.5 |
       Dungeon |    378 |    373 |      5 |    121 |    121 |   4 |   94.5 |
               +--------+--------+--------+--------+--------+-----+--------+

Top non-repeatable levels by time:
     D:2: 244 daAuts
     D:5: 100 daAuts
     D:4: 26 daAuts
     D:3: 5 daAuts
